Map: Ley Lines

Players

LigerMaNN - Winner!

  • Race: Zerg Zerg
  • League: Diamond
  • Spawn Location: 1:00

A.I. 2 (Elite)

  • Race: Protoss Protoss
  • Spawn Location: 7:00

VOD

Have the link to the VOD?

Description

Time

  • Played on: June 6, 2025, 10:01 p.m.
  • Length: 13:30
Show
View Real Time Build Order
Export as new Build Order

LigerMaNN Zerg - Winner!

Build Orders: Hatch First 

Get SALT Encoding   

  12  0:00  Drone  
  13  0:13  Overlord  
  13  0:16  Drone  
  14  0:31  Drone x2  
  14  0:35  Drone  
  17  0:50  Hatchery  
  17  0:53  Drone  
  17  0:57  Drone  
  18  1:08  Extractor  
  17  1:13  Spawning Pool  
  17  1:15  Drone  
  18  1:18  Drone  
  18  1:28  Drone  
  19  1:39  Overlord  
  19  2:03  Zergling x6  
  19  2:04  Queen x2  
  26  2:14  Metabolic Boost  
  26  2:17  Drone x2  
  28  2:23  Drone  
  29  2:46  Hatchery  
  29  2:48  Drone  
  29  2:49  Drone x3  
  29  2:51  Drone  
  33  2:57  Overlord  
  33  3:15  Queen  
  35  3:23  Pneumatized Carapace  
  35  3:26  Drone  
  35  3:27  Drone x5  
  35  3:28  Drone  
  39  3:34  Overlord  
  39  3:51  Drone x3  
  39  3:52  Drone x3, Extractor  
  44  3:58  Queen  
  46  4:09  Overlord x4  
  46  4:21  Roach Warren  
  46  4:22  Lair  
  45  4:26  Drone x4  
  49  4:36  Queen  
  51  4:52  Drone x10, Evolution Chamber  
  60  5:08  Roach  
  60  5:09  Roach x6  
  74  5:22  Hydralisk Den  
  74  5:27  Zerg Missile Weapons Level 1  
  74  5:28  Overlord x4  
  73  5:32  Drone, Extractor  
  73  5:33  Drone x4, Extractor  
  73  5:34  Drone  
  77  5:46  Extractor  
  77  5:47  Extractor  
  75  5:52  Muscular Augments  
  75  5:56  Drone x3  
  78  5:57  Drone x3, Hatchery  
  78  5:58  Drone x2  
  78  5:59  Drone x2  
  78  6:01  Overlord  
  84  6:25  Drone x3  
  85  6:26  Drone  
  85  6:31  Roach x7  
  102  6:43  Overlord x5  
  102  6:45  Overseer  
  102  7:03  Roach x7  
  117  7:22  Drone  
  117  7:23  Drone x14  
  117  7:27  Spore Crawler  
  117  7:28  Spore Crawler  
  129  7:30  Spore Crawler  
  129  7:34  Roach  
  129  7:35  Roach x3  
  136  7:42  Hydralisk x5  
  146  7:46  Grooved Spines  
  146  7:48  Zerg Missile Weapons Level 2  
  146  7:49  Infestation Pit  
  146  7:50  Hydralisk x6  
  157  7:52  Hydralisk  
  159  8:03  Overlord x5  
  159  8:04  Overlord  
  159  8:11  Drone  
  160  8:13  Extractor  
  160  8:14  Drone  
  160  8:16  Extractor  
  157  8:53  Roach x4  
  157  8:54  Roach x20  
  197  8:56  Overlord  
  155  10:03  Roach x12  
  155  10:04  Roach x15  
  191  10:18  Roach x4  
  191  10:19  Overlord x3  
  193  11:46  Glial Reconstitution  
  151  12:40  Hydralisk x8  
  151  12:41  Hydralisk x17  
  191  13:09  Hatchery  
  190  13:18  Lurker Den  
Show
View Real Time Build Order
Export as new Build Order

A.I. 2 (Elite) Protoss 

Build Orders: Zealot Archon 

Get SALT Encoding   

  12  0:00  Probe  
  13  0:13  Probe  
  14  0:19  Pylon  
  14  0:25  Probe  
  15  0:33  Probe  
  15  0:41  Probe  
  16  0:48  Assimilator  
  17  0:51  Gateway, Probe  
  18  1:00  Pylon, Probe  
  19  1:08  Probe  
  19  1:18  Probe  
  21  1:30  Probe  
  22  1:38  Zealot  
  24  1:40  Cybernetics Core  
  24  1:42  Probe  
  25  1:58  Nexus  
  25  2:07  Gateway  
  25  2:10  Zealot  
  25  2:14  Warp Gate  
  25  2:15  Pylon  
  25  2:22  Probe  
  28  2:33  Assimilator  
  28  2:34  Probe  
  29  2:41  Adept  
  31  2:46  Probe  
  32  2:54  Adept  
  32  2:56  Pylon  
  33  2:58  Probe  
  34  3:06  Probe  
  34  3:10  Probe, Adept  
  38  3:23  Sentry  
  40  3:32  Probe  
  41  3:38  Stalker  
  43  3:41  Gateway  
  43  3:42  Probe  
  43  3:44  Stalker  
  46  3:52  Probe  
  47  4:00  Probe  
  48  4:03  Probe  
  48  4:09  Probe  
  49  4:11  Probe  
  49  4:15  Stalker  
  53  4:18  Probe  
  53  4:19  Probe  
  53  4:21  Stalker  
  57  4:29  Probe  
  57  4:30  Probe  
  58  4:35  Stalker  
  58  4:37  Pylon  
  61  4:48  Pylon  
  61  4:55  Probe x2, Stalker x2  
  67  5:01  Stalker  
  67  5:06  Probe  
  69  5:07  Probe  
  69  5:10  Pylon  
  71  5:15  Probe  
  71  5:18  Pylon, Stalker x2  
  71  5:19  Probe  
  77  5:23  Probe  
  78  5:28  Stalker  
  78  5:31  Probe  
  78  5:33  Probe  
  82  5:36  Pylon  
  82  5:41  Stalker x2  
  86  5:43  Probe  
  86  5:45  Probe  
  86  5:46  Twilight Council  
  86  5:47  Stalker  
  90  5:55  Probe  
  91  5:58  Pylon  
  91  5:59  Assimilator  
  91  6:03  Assimilator  
  91  6:04  Stalker  
  91  6:05  Sentry  
  91  6:10  Zealot  
  97  6:19  Pylon  
  97  6:26  Templar Archives  
  97  6:31  Forge  
  97  6:34  Gateway  
  97  6:35  Nexus  
  97  7:03  High Templar x2  
  97  7:05  Forge  
  101  7:10  Pylon  
  101  7:13  Robotics Facility  
  101  7:14  Zealot  
  103  7:23  Protoss Ground Weapons Level 1  
  103  7:26  Archon  
  103  7:27  High Templar  
  105  7:31  Photon Cannon  
  105  7:34  Pylon  
  105  7:36  Photon Cannon  
  105  7:38  Photon Cannon  
  105  7:41  High Templar  
  107  7:47  Probe  
  107  7:48  Probe x2  
  110  7:55  Assimilator  
  110  7:59  Probe  
  110  8:00  Probe, Warp Prism  
  110  8:01  Probe  
  110  8:02  Pylon  
  110  8:04  Assimilator  
  110  8:05  Gateway, Archon  
  115  8:06  High Templar  
  115  8:10  Protoss Ground Armor Level 1  
  115  8:12  Probe x2  
  118  8:13  Probe  
  118  8:15  Photon Cannon  
  118  8:19  High Templar  
  122  8:24  Probe  
  122  8:25  Probe  
  122  8:26  Probe  
  125  8:28  Photon Cannon  
  125  8:31  Pylon, Stalker x2  
  125  8:35  Observer  
  125  8:36  Probe  
  125  8:37  Psionic Storm, Probe  
  125  8:38  Probe, Zealot x3  
  135  8:43  Zealot  
  135  8:48  Probe  
  134  8:49  Probe  
  134  8:50  Probe  
  121  8:56  Zealot  
  121  8:58  Zealot x2  
  121  8:59  Zealot  
  121  9:00  Probe  
  121  9:01  Probe, High Templar  
  133  9:04  Probe  
  133  9:09  Sentry  
  136  9:12  Probe  
  136  9:13  Probe  
  136  9:15  Archon  
  136  9:16  Probe  
  139  9:18  High Templar, Zealot  
  139  9:21  High Templar  
  144  9:24  Probe  
  144  9:25  Probe  
  144  9:26  Archon  
  144  9:28  Probe  
  147  9:32  Pylon, High Templar  
  147  9:33  Zealot  
  147  9:37  Immortal  
  155  9:39  Zealot  
  155  9:43  Nexus  
  157  9:46  Zealot  
  157  9:50  Zealot  
  157  9:52  Pylon  
  161  9:54  Zealot  
  161  9:55  Zealot  
  161  9:59  Zealot  
  133  10:01  Adept  
  107  10:11  Zealot  
  93  10:14  Sentry, High Templar  
  93  10:15  High Templar  
  93  10:16  Observer  
  93  10:19  Zealot  
  89  10:30  Archon  
  89  10:31  Zealot  
  89  10:34  Observer  
  92  10:37  Adept  
  92  10:39  Zealot  
  92  10:42  Immortal  
  96  10:43  Zealot  
  96  10:48  Zealot  
  100  10:51  Stalker  
  100  10:55  Probe  
  100  10:57  Zealot x2  
  109  10:59  Zealot  
  113  11:08  Assimilator, Zealot  
  113  11:10  Zealot  
  117  11:13  Probe  
  117  11:14  Sentry  
  117  11:15  Probe  
  117  11:16  Probe  
  117  11:17  Zealot  
  121  11:19  High Templar  
  121  11:21  Immortal  
  123  11:27  High Templar  
  123  11:28  Zealot  
  125  11:32  Probe  
  125  11:36  Zealot  
  125  11:37  Stalker  
  120  11:48  Zealot  
  120  11:51  Zealot  
  120  11:52  Adept  
  116  12:00  Stalker  
  116  12:01  Immortal  
  117  12:08  High Templar  
  107  12:12  Nexus  
  87  12:16  High Templar  
  87  12:19  High Templar  
  79  12:23  High Templar  
  79  12:27  High Templar  
  79  12:35  Pylon  
  64  12:40  High Templar  
  30  13:07  High Templar  
Tags
 
Composition
Zealot Archon
League
Diamond
Matchup
PvZ
Replay Pack
June 2025
Spawn Locations
Cross Positions
Add a new tag
Caveats
  • Supply blocks, unpowered buildings, or Contaminate may cause inaccurate times.
  • Supply counts are checked every 10 seconds.